 Dungeon Crawl Stone Soup version 0.24.1-11-gbbbb2193e6 (webtiles) character file.

Game seed: 9319652403844429872, levelgen mode: deterministic

218 Peloso the Covered (level 5, 0/41 HPs)
             Began as a Demonspawn Fighter on May 13, 2020.
             Slain by an orc
             ... wielding a +0 war axe
              (2 damage)
             ... on level 3 of the Dungeon.
             The game lasted 00:03:55 (1841 turns).

Peloso the Covered (Demonspawn Fighter)             Turns: 1841, Time: 00:03:56

Health: 0/41       AC:  6    Str: 22    XL:     5   Next: 63%
Magic:  5/5        EV:  8    Int: 10    God:
Gold:   110        SH:  9    Dex: 12    Spells: 4/4 levels left

rFire    . . .     SeeInvis .   a - +0 long sword
rCold    . . .     Gourm    .   c - +0 shield
rNeg     . . .     Faith    .   b - +0 scale mail
rPois    .         Spirit   .   (helmet restricted)
rElec    .         Reflect  .   (no cloak)
rCorr    +         Harm     .   (no gloves)
MR       .....                  (no boots)
Stlth    ..........             n - amulet of regeneration
HPRegen  0.53/turn              e - ring of resist corrosion
MPRegen  0.09/turn              (no ring)

@: mighty
A: antennae 1, powered by pain 1, rot immunity
a: no special abilities


You were on level 3 of the Dungeon.
You were very hungry.

You visited 1 branch of the dungeon, and saw 3 of its levels.

You collected 110 gold pieces.

Inventory:

Hand Weapons
 a - a +0 long sword (weapon)
Armour
 b - a +0 scale mail (worn)
 c - a +0 shield (worn)
Jewellery
 e - a ring of resist corrosion (left hand)
 n - an amulet of regeneration (around neck)
 s - an uncursed amulet of magic regeneration
Wands
 o - a wand of acid (6)
Scrolls
 g - a scroll of magic mapping {unknown}
 h - 2 scrolls of remove curse {unknown}
 i - 2 scrolls of amnesia {unknown}
 j - 2 scrolls of teleportation {unknown}
 k - a scroll of noise {unknown}
 l - 2 scrolls of immolation {unknown}
 m - a scroll of random uselessness {unknown}
 p - 3 scrolls of identify {unknown}
 r - a scroll of enchant weapon {unknown}
Potions
 d - a potion of might
Comestibles
 f - 8 rations


   Skills:
 + Level 3.6 Fighting
 + Level 3.2 Long Blades
 + Level 3.6 Armour
 + Level 1.4 Dodging
 + Level 0.1 Stealth
 + Level 3.5 Shields


You had 4 spell levels left.
You didn't know any spells.
Your spell library contained the following spells:

 Spells                   Type           Power        Failure   Level  Hunger
 Magic Dart               Conj           #...         99%         1    ##.....
 Blink                    Tloc           N/A          100%        2    ###....
 Call Imp                 Summ           #.......     100%        2    ###....
 Slow                     Hex            #.......     100%        2    ###....
 Conjure Flame            Conj/Fire      #.......     100%        3    ####...
 Mephitic Cloud           Conj/Pois/Air  #.......     100%        3    ####...


Dungeon Overview and Level Annotations

Branches:
Dungeon (3/15)

Altars:


Innate Abilities, Weirdness & Mutations

You have a pair of small antennae on your head.
You sometimes gain a little power by taking damage.
You are immune to rotting.


Message History

You hit the goblin.
You kill the goblin!
You block the leopard gecko's attack. The rat closely misses you.
Unknown command.
The leopard gecko barely misses you. The orc hits you with a +0 war axe.
* * * LOW HITPOINT WARNING * * *
The rat barely misses you.
You riposte.
You closely miss the rat.
Unknown command.
The leopard gecko bites you.
* * * LOW HITPOINT WARNING * * *
The orc barely misses you. You block the rat's attack.
You block the leopard gecko's attack. You block the rat's attack.
Unknown command.
Unknown command.
The leopard gecko barely misses you.
You riposte.
You slash the leopard gecko!
You kill the leopard gecko!
The orc closely misses you. The rat bites you but does no damage.
Unknown command.
The orc hits you with a +0 war axe.
You die...

$...........†)....†....+
.............#...#######
.................'...###
.................###..##
.........†....#### ##.##
..............# #.##
..............# ###'##
......o.......# #.....
......†@..!...# #.....
......r)......# #.....
..............# ####+#
..............# ....
..............# ....
..............# ....
..............# #..
..............# #.. #


You could see an orc and a rat.

Vanquished Creatures
  Sigmund (D:3)
  An adder (D:2)
  3 worms
  A dart slug (D:1)
  2 leopard geckos
  3 orcs (D:3)
  6 bats
  2 giant cockroaches (D:3)
  7 goblins
  2 hobgoblins
  4 jackals (D:3)
  3 kobolds
  2 rats
37 creatures vanquished.

Notes
Turn   | Place    | Note
-------+----------+-------------------------------------------
     0 | D:1      | Peloso the Demonspawn Fighter began the quest for the Orb.
     0 | D:1      | Reached XP level 1. HP: 18/18 MP: 1/1
   192 | D:1      | Gained mutation: You are immune to rotting. [demonic
                  | ancestry]
   192 | D:1      | Reached XP level 2. HP: 18/24 MP: 2/2
  1231 | D:2      | Reached XP level 3. HP: 19/29 MP: 3/3
  1806 | D:3      | Noticed Sigmund
  1813 | D:3      | Killed Sigmund
  1813 | D:3      | Reached skill level 1 in Dodging
  1813 | D:3      | Gained mutation: You sometimes gain a little power by
                  | taking damage. [demonic ancestry]
  1813 | D:3      | Reached XP level 4. HP: 29/36 MP: 4/4
  1813 | D:3      | Gained mutation: You have a pair of small antennae on your
                  | head. [demonic ancestry]
  1813 | D:3      | Reached XP level 5. HP: 34/41 MP: 5/5
  1838 | D:3      | HP: 1/41 [leopard gecko (3)]
  1841 | D:3      | Slain by an orc

Levels and vault maps discovered:
D:1:      tarquinn_simple_flora_water_f, layout_basic
D:2:      layout_loops_ring
D:3:      layout_basic, uniq_sigmund

Skill      XL: |  1  2  3 |
---------------+----------+-----
Shields        | 3 |  3.5
Armour         | 3 |  3.6
Long Blades    | 2 3 |  3.2
Dodging        | 1 |  1.4
Fighting       | |  3.6
Stealth        | |  0.1

Action                   |  1- 3 |  4- 6 || total
-------------------------+-------+-------++-------
Melee: Long sword        |   106 |     1 ||   107
  Use: Potion            |     3 |       ||     3
  Eat: Chunk             |     2 |       ||     2
Armor: Scale mail        |    64 |    22 ||    86
Dodge: Dodged            |    44 |    26 ||    70
Block: Shield            |    68 |    28 ||    96
       Rpst.: Long sword |    16 |     8 ||    24
